 Dungeon Crawl Stone Soup version 0.21-a0-361-g4efd3f9 (webtiles) character file.

96933 aurelian the Brawler (level 15, -9/128 HPs)
             Began as a Demigod Wanderer on Oct 13, 2017.
             Mangled by a naga
             ... wielding a +4 glaive of distortion
              (19 damage)
             ... on level 2 of the Snake Pit.
             The game lasted 02:07:48 (36175 turns).

aurelian the Brawler (Demigod Wanderer)            Turns: 36175, Time: 02:07:49

Health: -9/128     AC: 25    Str: 22    XL:     15   Next: 26%
Magic:  17/25      EV: 11    Int: 22    God:
Gold:   2039       SH:  7    Dex: 14    Spells: 14/22 levels left

rFire    + + .     SeeInvis .     - Unarmed
rCold    . . .     Gourm    .   U - +2 buckler
rNeg     . . .     Faith    .   X - +4 fire dragon scales
rPois    +         Spirit   .   w - +0 helmet
rElec    +         Reflect  .   m - +2 cloak {rPois}
rCorr    .         Harm     .   e - +2 pair of gloves {Str+3}
MR       ++...                  t - +0 pair of boots
Stlth    ..........             T - amulet of regeneration
HPRegen  0.71/turn              N - ring of Plog {+Inv rC+ MR+ Dex-4}
MPRegen  0.19/turn              S - ring of Ceffo {+Inv rElec Int+3 Stlth-}

@: lethally poisoned (-9 -> -10), about to teleport, hasted, constricted, very
quick
A: high mp 1
a: Evoke Invisibility


You were on level 2 of the Snake Pit.
You were very hungry.

You visited 4 branches of the dungeon, and saw 25 of its levels.
You also visited: Ossuary.

You collected 2401 gold pieces.
You spent 362 gold pieces at shops.

Inventory:

Hand Weapons
 b - a +1 hunting sling
Missiles
 a - 5 throwing nets
 k - 53 sling bullets
 r - 25 tomahawks (quivered)
Armour
 e - a +2 pair of gloves of strength (worn)
 m - a +2 cloak of poison resistance (worn)
 t - a +0 pair of boots (worn)
 w - a +0 helmet (worn)
 U - a +2 buckler (worn)
 X - +4 fire dragon scales (worn)
Jewellery
 h - a +3 ring of protection
 G - an uncursed ring of ice
 M - an uncursed ring of flight
 N - the ring of Plog (left hand) {+Inv rC+ MR+ Dex-4}
   (You found it on level 6 of the Lair of Beasts)

   [ring of protection from magic]

   It affects your dexterity (-4).
   It protects you from cold.
   It affects your resistance to hostile enchantments.
   It lets you turn invisible.
 S - the ring of Ceffo (right hand) {+Inv rElec Int+3 Stlth-}
   (You found it on level 6 of the Lair of Beasts)

   [ring of loudness]

   It affects your intelligence (+3).
   It insulates you from electricity.
   It lets you turn invisible.
   It makes you less stealthy.
 T - an amulet of regeneration (around neck)
 W - an uncursed ring of wizardry
Wands
 d - a wand of digging (4/24)
 f - a wand of confusion (34/48)
 o - a wand of flame (19/48)
 s - a wand of confusion (22/48)
 K - a wand of paralysis (2/24)
 L - a wand of polymorph (11/24)
 O - a wand of paralysis (18/24)
Scrolls
 j - 2 scrolls of fog
 n - 7 scrolls of recharging
 q - 6 scrolls of remove curse
 y - 4 scrolls of identify
 D - 6 scrolls of amnesia
 I - a scroll of silence
 P - 2 scrolls of enchant weapon
 V - 2 scrolls of magic mapping
Potions
 c - 2 potions of curing
 u - 4 potions of flight
 C - 2 potions of resistance
 E - a potion of cancellation
 F - a potion of haste
 R - 5 potions of brilliance
 Y - a potion of mutation
Miscellaneous
 H - a phantom mirror
Comestibles
 g - 18 bread rations
 i - 3 chunks of flesh
 x - 8 royal jellies
 B - 18 meat rations


   Skills:
 + Level 10.9 Fighting
   Level 1.7 Maces & Flails
 - Level 1.7 Throwing
 + Level 10.2 Armour
 - Level 8.0 Dodging
 - Level 4.0 Shields
 + Level 16.3 Unarmed Combat
 - Level 4.0 Spellcasting
 - Level 3.0 Conjurations
 - Level 2.0 Hexes
 - Level 6.0 Summonings
 - Level 3.0 Fire Magic
 - Level 6.0 Air Magic


You had 14 spell levels left.
You knew the following spells:

 Your Spells              Type           Power        Failure   Level  Hunger
a - Confusing Touch       Hex            ##....       13%         1    None
b - Conjure Flame         Conj/Fire      ###.....     26%         3    ###....
c - Summon Lightning Spi  Summ/Air       ####....     24%         4    ####...


Dungeon Overview and Level Annotations

Branches:
Dungeon (15/15)            Temple (0/1) D:6            Lair (6/6) D:8
 Shoals (0/4) Lair:4        Snake (2/4) Lair:2        Slime (0/5) Lair:5
    Orc (2/2) D:11            Elf (0/3) Orc:2        Vaults (0/5) D:13
 Depths (0/5) D:15

Shops:
Orc:1 ?   Orc:2 [(*:   Snake:1 }

Annotations:
Snake:1 2 transporters
Orc:1 edsrzf's ghost, journeyman GnBe


Innate Abilities, Weirdness & Mutations

You have an increased reservoir of magic. (+10% MP)


Message History

The naga mage spits poison at you. The splash of poison hits you! You resist.
The guardian serpent gestures with its tail.
The naga mage blinks!
The naga blinks into view!
Unknown command.
You feel yourself speed up.
You feel sick. The naga mage spits poison at you.
The splash of poison hits you! You resist.
The guardian serpent hits you but does no damage.
You block the naga mage's attack. x2; The naga barely misses you.
The naga grabs you. The naga constricts you.
As you read the scroll of teleportation, it crumbles to dust.
You feel strangely unstable.
You feel sick.
The guardian serpent hits you but does no damage.
You block the naga mage's attack.
Unknown command.
The naga's grasp on you weakens, but your attempt to escape fails.
The guardian serpent hits you but does no damage.
The naga hits you but does no damage. Space warps horribly around you!
You die...

#.# #.##.# ....#..... #
#.##.##># ... . .# ##S#.##.#
##.## ##. #.## ##S#..##.# #...
... #.## ##.###.##.###.###.##
##.## ##.## #.##.#...#....# #
##.## ##§## #.##...##..##.####
##S###§######S###...$.....(##.
##S#§## #...@N.....#.<..#....
##§## #.##N#.....#.....)...
### # #.#.#...#.....#..S
#.##...........N....N
#....##............SS
####§##..(.........SS
#.##..........##.#
#.##....#.....#..#
#.##....#........#


You could see a guardian serpent, a naga mage and a naga.

Vanquished Creatures
  Rupert (D:12)
  An orc warlord (Orc:2)
  Snorg (Lair:3)
  Josephine (Lair:4)
  Harold (D:10)
  The ghost of Hocus the Grappler, a journeyman DrTm of Cheibriados (D:10)
  2 naga warriors
  4 hydras
  4 anacondas
  A catoblepas (Lair:6)
  10 two-headed ogres
  An ogre mage (D:15)
  9 death yaks
  A shock serpent (Lair:2)
  A deep troll shaman (Lair:6)
  Urug (D:12)
  Sonja (D:11)
  2 skeletal warriors
  A titan skeleton (D:15)
  2 unseen horrors (D:15)
  A wizard (D:15)
  A naga ritualist (Snake:2)
  2 orc knights
  A necromancer (D:14)
  A lindwurm (Lair:6)
  A mana viper (shapeshifter) (D:15)
  4 ugly things
  2 salamanders (Snake:1)
  A sphinx skeleton (D:15)
  2 mana vipers (Snake:2)
  2 deep elf magi
  5 cyclopes
  3 orc sorcerers (Orc:2)
  A guardian serpent (Snake:1)
  4 elephants (Lair:6)
  A merfolk siren (Lair:4)
  6 naga magi
  12 black mambas
  4 gargoyles
  15 spiny frogs
  2 rime drakes
  A kobold demonologist (D:15)
  3 yaktaurs (D:15)
  12 komodo dragons
  A redback zombie (D:15)
  A jumping spider (D:13)
  2 trolls
  A harpy skeleton (D:15)
  2 hornets
  A merfolk (D:12)
  An ice dragon zombie (D:15)
  Grinder (D:6)
  9 blink frogs
  13 hippogriffs
  3 redbacks
  A spriggan skeleton (D:15)
  A tarantella (D:13)
  5 wyverns
  4 wraiths
  43 yaks
  3 basilisks
  2 vampire mosquitoes (D:15)
  2 hungry ghosts
  3 steam dragons
  A soldier ant (D:10)
  An acid dragon (D:12)
  14 nagas
  14 water moccasins
  9 porcupines
  4 ice beasts
  2 eyes of draining
  2 phantoms
  A sky beast (D:14)
  5 black bears
  A necrophage (D:14)
  42 orc warriors
  13 ogres
  4 centaurs
  19 wolves
  A hornet zombie (D:15)
  8 crocodiles
  A wyvern zombie (D:13)
  12 bullfrogs
  An elf zombie (Ossuary)
  A wyvern skeleton (D:7)
  5 killer bees (D:13)
  3 scorpions
  16 crimson imps
  2 bullfrog zombies
  8 jellies
  5 hounds
  A human zombie (Ossuary)
  4 quasits
  25 orc priests
  5 centaur zombies
  21 orc wizards
  11 centaur skeletons
  A gnoll shaman (Orc:2)
  3 bullfrog skeletons
  14 iguanas
  7 worker ants
  A big kobold zombie (Ossuary)
  A hound skeleton (D:4)
  2 mummies (Ossuary)
  2 howler monkey zombies (D:9)
  4 gnolls (Orc:1)
  Robin (D:2)
  A howler monkey skeleton (D:6)
  18 adders
  3 shadow imps
  A white imp (D:12)
  2 oozes
  An adder skeleton (D:9)
  A worm (D:3)
  5 leopard geckos
  132 orcs
  2 ball pythons
  5 bats
  7 giant cockroaches
  18 goblins
  8 hobgoblins
  12 jackals
  2 quokkas
  5 frilled lizards
  A goblin zombie (Ossuary)
  12 hobgoblin zombies (Ossuary)
  A jackal skeleton (D:5)
  3 jackal zombies (Ossuary)
  4 kobolds
  9 kobold zombies (Ossuary)
  3 leopard gecko skeletons
  A leopard gecko zombie (D:8)
  4 orc zombies (Ossuary)
  10 rats
  3 rat zombies (Ossuary)
804 creatures vanquished.

Vanquished Creatures (collateral kills)
  A stone giant (Orc:2)
  An anaconda (Snake:2)
  A black mamba (Snake:2)
  An orc priest (Orc:2)
  An orc (Orc:2)
5 creatures vanquished.

Vanquished Creatures (others)
  10 fungi
  2 plants
  6 withered plants (D:15)
18 creatures vanquished.

Grand Total: 827 creatures vanquished

Notes
Turn   | Place    | Note
-------+----------+-------------------------------------------
     0 | D:1      | aurelian the Demigod Wanderer began the quest for the Orb.
     0 | D:1      | aurelian set off with: a potion of berserk rage, a potion of heal wounds, a potion of curing, a potion of lignification, a +0 robe, a +0 dagger, a bread ration
     0 | D:1      | Reached XP level 1. HP: 18/18 MP: 3/3
   183 | D:1      | Reached skill level 3 in Unarmed Combat
   338 | D:1      | Reached XP level 2. HP: 25/25 MP: 4/4
   908 | D:2      | Reached XP level 3. HP: 31/31 MP: 5/5
  1189 | D:2      | Found a shimmering altar of Xom.
  1204 | D:2      | Noticed Robin
  1383 | D:2      | Killed Robin
  1383 | D:2      | Reached skill level 4 in Unarmed Combat
  1975 | D:3      | Reached XP level 4. HP: 21/38 MP: 6/6
  2397 | D:3      | Found a blossoming altar of Fedhas.
  2593 | D:4      | Found a shadowy altar of Dithmenos.
  2638 | D:4      | Noticed an ogre
  2679 | D:4      | Killed an ogre
  2679 | D:4      | Reached skill level 1 in Dodging
  2679 | D:4      | Reached skill level 5 in Unarmed Combat
  2679 | D:4      | Reached XP level 5. HP: 30/45 MP: 7/7
  3126 | D:4      | Reached XP level 6. HP: 49/51 MP: 8/8
  3415 | D:4      | Reached skill level 6 in Unarmed Combat
  3680 | D:4      | Found a deep blue altar of Sif Muna.
  3786 | D:4      | Reached XP level 7. HP: 46/57 MP: 9/9
  4130 | D:5      | Entered Level 5 of the Dungeon
  4558 | D:5      | Reached skill level 1 in Armour
  4638 | D:5      | Found an ornate altar of the Wu Jian Council.
  4741 | D:5      | Reached skill level 7 in Unarmed Combat
  5386 | D:6      | Found a snail-covered altar of Cheibriados.
  5395 | D:6      | Found a sand-covered staircase.
  5404 | Ossuary  | Entered an ossuary
  5436 | Ossuary  | Learned a level 3 spell: Conjure Flame
  5649 | Ossuary  | Reached XP level 8. HP: 51/66 MP: 10/10
  6093 | D:6      | Found a hazy altar of Hepliaklqana.
  6093 | D:6      | Noticed Grinder
  6120 | D:6      | Killed Grinder
  6461 | D:6      | Noticed a hippogriff
  6480 | D:6      | Killed a hippogriff
  6480 | D:6      | Reached skill level 8 in Unarmed Combat
  6647 | D:6      | Found a glowing golden altar of the Shining One.
  6655 | D:6      | Found a sacrificial altar of Ru.
  6655 | D:6      | Found a snail-covered altar of Cheibriados.
  6655 | D:6      | Found an iron altar of Okawaru.
  6657 | D:6      | Found a white marble altar of Elyvilon.
  6657 | D:6      | Found a hide-covered altar of Uskayaw.
  6668 | D:6      | Found a stormy altar of Qazlal.
  6858 | D:6      | Found a staircase to the Ecumenical Temple.
  7114 | D:6      | Reached skill level 5 in Fighting
  7408 | D:6      | You fall through a shaft for 2 floors!
  7455 | D:8      | Noticed a two-headed ogre
  7513 | D:8      | Found a staircase to the Lair.
  7514 | D:8      | Noticed a komodo dragon
  8192 | D:7      | Reached skill level 5 in Dodging
  8203 | D:7      | Reached XP level 9. HP: 74/74 MP: 11/11
  8739 | D:8      | Found a shattered altar of Ashenzari.
  8884 | D:8      | Found a radiant altar of Vehumet.
  9090 | D:8      | Killed a two-headed ogre
  9090 | D:8      | Reached skill level 9 in Unarmed Combat
  9090 | D:8      | Reached skill level 1 in Spellcasting
  9090 | D:8      | Reached skill level 1 in Conjurations
  9090 | D:8      | Reached skill level 1 in Fire Magic
  9374 | D:8      | Killed a komodo dragon
 10096 | D:9      | Found a roughly hewn altar of Beogh.
 11385 | D:10     | Entered Level 10 of the Dungeon
 11430 | D:10     | Reached XP level 10. HP: 40/83 MP: 16/16
 11538 | D:9      | Reached skill level 1 in Shields
 11740 | D:10     | Noticed Hocus's ghost (journeyman DrTm)
 11864 | D:10     | Noticed a cyclops
 12184 | D:10     | Noticed Harold
 12240 | D:10     | Killed Harold
 12240 | D:10     | Reached skill level 5 in Armour
 12240 | D:10     | Reached skill level 10 in Unarmed Combat
 12645 | D:10     | Found a roughly hewn altar of Beogh.
 12945 | Lair:1   | Entered Level 1 of the Lair of Beasts
 13900 | Lair:1   | Identified a scroll of acquirement
 13931 | Lair:1   | Noticed a black mamba
 13937 | Lair:1   | Killed a black mamba
 13943 | Lair:1   | Learned a level 1 spell: Confusing Touch
 13997 | Lair:1   | Reached XP level 11. HP: 91/91 MP: 8/17
 14984 | Lair:2   | Noticed an eight-headed hydra
 14992 | Lair:2   | Killed an eight-headed hydra
 14992 | Lair:2   | Reached skill level 11 in Unarmed Combat
 15432 | Lair:2   | Found a staircase to the Snake Pit.
 15461 | Lair:2   | Reached skill level 1 in Hexes
 16020 | Lair:3   | Noticed Snorg
 16077 | Lair:3   | Noticed an eight-headed hydra
 16087 | Lair:3   | Killed an eight-headed hydra
 16645 | Lair:3   | Reached XP level 12. HP: 65/101 MP: 18/18
 16865 | Lair:3   | Noticed a seven-headed hydra
 16913 | Lair:2   | Killed a seven-headed hydra
 16993 | Lair:3   | Reached skill level 12 in Unarmed Combat
 17615 | Lair:3   | Killed Snorg
 17937 | Lair:4   | Found a shimmering altar of Xom.
 18204 | Lair:4   | Learned a level 4 spell: Summon Lightning Spire
 18219 | Lair:4   | Reached skill level 13 in Unarmed Combat
 18601 | Lair:3   | Reached skill level 1 in Summonings
 18601 | Lair:3   | Reached skill level 1 in Air Magic
 18916 | Lair:4   | Noticed an eight-headed hydra
 18925 | Lair:4   | Killed an eight-headed hydra
 18988 | Lair:4   | Found a staircase to the Shoals.
 19644 | Lair:5   | Noticed Josephine
 19718 | Lair:4   | Killed Josephine
 20116 | Lair:5   | Reached XP level 13. HP: 107/107 MP: 10/19
 20191 | Lair:5   | Found a viscous altar of Jiyva.
 20193 | Lair:5   | Found a staircase to the Slime Pits.
 20438 | Lair:6   | Entered Level 6 of the Lair of Beasts
 20832 | Lair:6   | Got a transparent glass ring
 20833 | Lair:6   | Identified the ring of Ceffo {+Inv rElec Int+3 Stlth-} (You found it on level 6 of the Lair of Beasts)
 20971 | Lair:6   | Reached skill level 14 in Unarmed Combat
 22373 | Lair:6   | Got a scorched wooden ring
 22374 | Lair:6   | Identified the ring of Plog {+Inv rC+ MR+ Dex-4} (You found it on level 6 of the Lair of Beasts)
 22662 | D:10     | Reached skill level 5 in Summonings
 22662 | D:10     | Reached skill level 5 in Air Magic
 22697 | D:11     | Noticed Sonja
 22705 | D:11     | Killed Sonja
 22765 | D:11     | Found a staircase to the Orcish Mines.
 22810 | D:10     | Killed Hocus's ghost
 23367 | D:11     | Reached skill level 15 in Unarmed Combat
 23608 | D:12     | Found a burning altar of Makhleb.
 23907 | D:12     | Noticed Rupert
 24012 | D:12     | Killed Rupert
 24061 | D:12     | Noticed Urug
 24076 | D:12     | Killed Urug
 24810 | D:13     | Reached XP level 14. HP: 116/116 MP: 21/23
 24998 | D:13     | Found a stormy altar of Qazlal.
 25326 | D:13     | Found a gate to the Vaults.
 26829 | D:15     | Entered Level 15 of the Dungeon
 27237 | D:15     | Found a staircase to the Depths.
 27536 | D:15     | Identified the +4 hand crossbow of Inference {freeze, *Contam rN++ Int+3 Dex+3} (You found it on level 15 of the Dungeon)
 28701 | Orc:1    | Entered Level 1 of the Orcish Mines
 28765 | Orc:1    | Found a bloodstained altar of Trog.
 28782 | Orc:1    | Noticed edsrzf's ghost (journeyman GnBe)
 29228 | Snake:1  | Entered Level 1 of the Snake Pit
 29228 | Snake:1  | Found Ymomoaq's Gadget Emporium.
 29586 | Snake:1  | Found a transporter.
 30451 | Snake:1  | Reached skill level 10 in Fighting
 31005 | Snake:1  | Found a transporter.
 31441 | Snake:2  | HP: 3/121 [anaconda (4)]
 31468 | Snake:2  | HP: 2/121 [mana viper (8)]
 33419 | D:15     | Reached skill level 16 in Unarmed Combat
 33537 | D:15     | Reached XP level 15. HP: 128/128 MP: 19/25
 34000 | Orc:2    | Entered Level 2 of the Orcish Mines
 34323 | Orc:2    | Found a roughly hewn altar of Beogh.
 34459 | Orc:2    | Found a roughly hewn altar of Beogh.
 34460 | Orc:2    | Found Qiwk's Book Shop.
 34601 | Orc:2    | Found a staircase to the Elven Halls.
 34614 | Orc:2    | Found a roughly hewn altar of Beogh.
 34833 | Orc:2    | Paralysed by an orc sorcerer for 2 turns
 34953 | Orc:2    | Reached skill level 10 in Armour
 35399 | Orc:2    | Found a roughly hewn altar of Beogh.
 35472 | Orc:2    | Found a roughly hewn altar of Beogh.
 35507 | Orc:2    | Found a roughly hewn altar of Beogh.
 35524 | Orc:2    | Found Qecokezuna's Assorted Antiques.
 35575 | Orc:2    | Found Jiosh's Antique Armour Emporium.
 35576 | Orc:2    | Found a roughly hewn altar of Beogh.
 35577 | Orc:2    | Found Tytyotan's Antique Weapon Shoppe.
 35590 | Orc:2    | Bought a pair of runed gloves for 285 gold pieces
 35742 | Orc:1    | Found Fueg's Magic Scroll Shoppe.
 35751 | Orc:1    | Bought a scroll of fog for 22 gold pieces
 35751 | Orc:1    | Bought a scroll of teleportation for 33 gold pieces
 35751 | Orc:1    | Bought a scroll of fog for 22 gold pieces
 36175 | Snake:2  | Mangled by a naga

Vault maps used:
D:1:      dpeg_arrival_tiny_b
D:2:      serial_curves, eino_curves_04, eino_curves_04, supply_closet_lemuel,
          xom_teletrap_fun, uniq_robin
D:3:      nicolae_overflow_hidden_temple, st_stairs_3, minivault_23,
          fedhas_altar_2
D:4:      black_bear_nest_2, led_sif_pool, nicolae_dithmenos_shadow_blocks
D:5:      cheibrodos_fzero, old_standard_altar, first_bread
D:6:      marbit_many_paths, grunt_temple_overflow_open,
          minmay_temple_entry_butterflies, nicolae_ossuary_entry_ruins,
          cheibriados_altar_1, uniq_grinder
D:8:      kennysheep_mini_moat, david_lair_shrubbed, lemuel_tele_altar
D:9:      serial_curves, eino_curves_02, eino_curves_02
D:10:     special_room, uniq_harold
D:11:     orc_0_dummy, uniq_sonja
D:12:     basic_altar, hangedman_fish_farm, minmay_nine_imps, uniq_rupert,
          uniq_urug
D:13:     nicolae_qazlal_style_of_elements
D:14:     minmay_misc_feat_chi
D:15:     gammafunk_depths_entry_grave, nicolae_wwwww
Lair:1:   beast_lair_carwin_large_3, eino_small_chamber_without_monster,
          grunt_megastairs_3, infiniplex_staircase_pool_2
Lair:2:   guppyfry_snake_entry_island, beast_lair_carwin_1
Lair:3:   grunt_megastairs_4, uniq_snorg
Lair:4:   minmay_shoals_entry_lonely_mermaid, basic_altar
Lair:5:   slime_altar_1, uniq_josephine
Lair:6:   grunt_lair_end_beastmaster
Snake:1:  gammafunk_its_a_trap, serial_shops, shop, corexii_hall_statues_l
Snake:2:  serial_shops, nicolae_shop_temple_entry_statues_fountains
Orc:1:    portal_ice_cave_entry_pillars_1, serial_shops, shop, basic_altar
Orc:2:    grunt_orc_community_town_hall, grunt_orc_community_big_house_1,
          grunt_orc_community_big_house_2, grunt_orc_community_house_1,
          grunt_orc_community_house_1, grunt_orc_community_house_3,
          grunt_orc_community_house_1, grunt_orc_community_house_2
Ossuary:  ossuary_tomb_1

Skill      XL: |  1  2  3  4  5  6  7  8  9 10 11 12 13 14 15 |
---------------+----------------------------------------------+-----
Unarmed Combat | 3 4 5 6 7 8 9 10 11 13 15 16 | 16.3
Fighting       | 3 4 5 6 8 10 | 10.9
Dodging        | 1 2 3 5 6 7 8 |  8.0
Armour         | 2 3 4 5 6 7 9 10 | 10.2
Spellcasting   | 2 3 4 |  4.0
Conjurations   | 2 3 |  3.0
Fire Magic     | 2 3 |  3.0
Shields        | 4 |  4.0
Hexes          | 2 |  2.0
Summonings     | 3 5 6 |  6.0
Air Magic      | 3 5 6 |  6.0
Maces & Flails | |  1.7
Throwing       | |  1.7

Action                   |  1- 3 |  4- 6 |  7- 9 | 10-12 | 13-15 || total
-------------------------+-------+-------+-------+-------+-------++-------
Melee: Unarmed           |   164 |   176 |   607 |  1003 |  2302 ||  4252
       Punch             |       |     8 |    24 |     4 |       ||    36
       Dagger            |       |     2 |    42 |     5 |       ||    49
 Fire: Hunting sling     |       |    11 |   179 |    94 |    40 ||   324
Throw: Tomahawk          |     5 |       |       |    22 |    34 ||    61
 Cast: Conjure Flame     |       |       |       |    49 |    34 ||    83
       Confusing Touch   |       |       |       |    13 |    53 ||    66
       Summon Lightning  |       |       |       |       |    10 ||    10
Evoke: Wand              |       |       |       |       |    16 ||    16
  Use: Potion            |     1 |     2 |     5 |     2 |    29 ||    39
       Scroll            |       |     1 |    24 |     5 |    24 ||    54
 Stab: Invisible         |       |       |     2 |    11 |     6 ||    19
       Confused          |       |       |       |     9 |    29 ||    38
       Paralysed         |       |       |       |       |     2 ||     2
  Eat: Chunk             |     3 |     6 |    20 |    29 |    45 ||   103
       Fruit             |       |       |     6 |     6 |    12 ||    24
       Royal jelly       |       |       |       |       |     4 ||     4
Armor: Ring mail         |    42 |    73 |   112 |   180 |    53 ||   460
       Robe              |     2 |       |       |       |       ||     2
       Skin              |     2 |       |       |       |       ||     2
       Chain mail        |       |       |   115 |    46 |       ||   161
       Fire dragon scale |       |       |       |       |   684 ||   684
Dodge: Dodged            |    93 |   100 |   373 |   490 |   882 ||  1938
       Deflected         |       |       |       |     1 |       ||     1
Block: Buckler           |       |       |       |   241 |   560 ||   801

Table legend:
 A = Spawn XP
 B = Non-spawn XP
 C = Spawn XP percentage of total XP
 D = Spawn monster count
 E = Non-spawn monster count
 F = Spawn count percentage of total count
 G = Total turns spent on level
                    A         B        C        D         E        F      G
               +---------+---------+-------+---------+---------+-------+---------
         Total |       0 |  138476 |   0.0 |       0 |     809 |   0.0 | 36175
               +---------+---------+-------+---------+---------+-------+---------
           D:1 |       0 |      33 |   0.0 |       0 |      21 |   0.0 |   883
           D:2 |       0 |      77 |   0.0 |       0 |      24 |   0.0 |  1033
           D:3 |       0 |      59 |   0.0 |       0 |      25 |   0.0 |   781
           D:4 |       0 |     944 |   0.0 |       0 |      24 |   0.0 |  1751
           D:5 |       0 |     532 |   0.0 |       0 |      15 |   0.0 |   935
           D:6 |       0 |     967 |   0.0 |       0 |      18 |   0.0 |  1546
           D:7 |       0 |     622 |   0.0 |       0 |      28 |   0.0 |  1076
           D:8 |       0 |    2207 |   0.0 |       0 |      18 |   0.0 |  1591
           D:9 |       0 |    1356 |   0.0 |       0 |      45 |   0.0 |  1660
          D:10 |       0 |    4954 |   0.0 |       0 |      48 |   0.0 |  1627
          D:11 |       0 |    4365 |   0.0 |       0 |      22 |   0.0 |  1132
          D:12 |       0 |    8517 |   0.0 |       0 |      36 |   0.0 |   909
          D:13 |       0 |    5944 |   0.0 |       0 |      37 |   0.0 |  1319
          D:14 |       0 |    9891 |   0.0 |       0 |      33 |   0.0 |  1927
          D:15 |       0 |   17532 |   0.0 |       0 |      40 |   0.0 |  2232
        Lair:1 |       0 |    4379 |   0.0 |       0 |      27 |   0.0 |  1916
        Lair:2 |       0 |    9667 |   0.0 |       0 |      32 |   0.0 |  2187
        Lair:3 |       0 |   11411 |   0.0 |       0 |      41 |   0.0 |  1883
        Lair:4 |       0 |    7627 |   0.0 |       0 |      23 |   0.0 |  1447
        Lair:5 |       0 |    7357 |   0.0 |       0 |      22 |   0.0 |  1219
        Lair:6 |       0 |   11845 |   0.0 |       0 |      33 |   0.0 |  1561
       Snake:1 |       0 |   10850 |   0.0 |       0 |      24 |   0.0 |  2307
       Snake:2 |       0 |    5900 |   0.0 |       0 |      13 |   0.0 |   411
         Orc:1 |       0 |    2235 |   0.0 |       0 |      38 |   0.0 |   743
         Orc:2 |       0 |    8936 |   0.0 |       0 |      84 |   0.0 |  1537
       Ossuary |       0 |     269 |   0.0 |       0 |      38 |   0.0 |   562
               +---------+---------+-------+---------+---------+-------+---------
